 Dungeon Crawl Stone Soup version 0.20-a0-751-g905781e (webtiles) character file.

233 M4edhros the Insei (level 6, -2/54 HPs)
             Began as an Octopode Necromancer on Feb 25, 2017.
             Slain by an adder (3 damage)
             ... on level 5 of the Dungeon.
             The game lasted 00:05:50 (1234 turns).

M4edhros the Insei (Octopode Necromancer)           Turns: 1234, Time: 00:05:50

Health: -2/54      AC: 23    Str:  7      XL:     6   Next: 4%
Magic:  5/9        EV:  2    Int: 17      God:
Gold:   119        SH:  0    Dex: 16 (17) Spells: 1/9 levels left

rFire    . . .     SeeInvis .     - Unarmed
rCold    . . .     Gourm    .   (no shield)
rNeg     + + +     Faith    .   (helmet currently unavailable)
rPois    +         Spirit   .   (no amulet)
rElec    .         Reflect  .   (no ring)
rCorr    .         Harm     .   (no ring)
MR       +....     NoTele   +   (no ring)
Stlth    ++........             (no ring)
Regen    0.2/turn               (no ring)
MPRegen  0.2/turn               (no ring)
                                (no ring)
                                (no ring)

@: tree-form (expiring), very slightly contaminated
A: almost no armour, stealthy swim, (amphibious), 8 rings, (constrict 8),
(tentacle spike 0), (camouflage 0), agile 1, deterioration 1, magic resistance
1, (gelatinous body 0)
a: no special abilities


You were on level 5 of the Dungeon.
You were not hungry.
You were a tree.
You visited 1 branch of the dungeon, and saw 5 of its levels.

You collected 119 gold pieces.

Inventory:

Hand Weapons
 j - a +0 hand crossbow
Missiles
 m - a throwing net (quivered)
Wands
 h - a wand of random effects (0/48)
Scrolls
 c - a scroll of fear {unknown}
 e - a scroll of identify {unknown}
 f - a scroll of magic mapping
Potions
 d - 2 potions of lignification
Books
 a - a book of Necromancy

   Spells                             Type                      Level
   a - Pain                           Necromancy                   1
   b - Animate Skeleton               Necromancy                   1
   c - Vampiric Draining              Necromancy                   3
   d - Regeneration                   Charms/Necromancy            3
   e - Animate Dead                   Necromancy                   4
   f - Control Undead                 Necromancy                   4
 k - a book of Changes

   Spells                             Type                      Level
   a - Beastly Appendage              Transmutation                1
   b - Sticks to Snakes               Transmutation                2
   c - Spider Form                    Transmutation/Poison         3
   d - Ice Form                       Ice/Transmutation            4
   e - Blade Hands                    Transmutation                5
Comestibles
 b - a bread ration
 i - a meat ration
 l - 6 chunks of flesh
 o - a royal jelly
 p - a fruit


   Skills:
 + Level 3.3 Dodging
 - Level 2.6 Stealth
 * Level 4.2 Unarmed Combat
 + Level 2.3 Spellcasting
 - Level 4.0 Necromancy
 * Level 1.5 Transmutations


You had one spell level left.
You knew the following spells:

 Your Spells              Type           Power        Failure   Level  Hunger
a - Pain                  Necr           ###.         3%          1    #......
b - Animate Skeleton      Necr           N/A          3%          1    #......
c - Regeneration          Chrm/Necr      #.........   24%         3    ###....
d - Spider Form           Tmut/Pois      #.........   47%         3    ###....


Dungeon Overview and Level Annotations

Branches:
Dungeon (5/15)
 Temple: D:4-7

Altars:

Annotations:
D:1 Ijyb


Innate Abilities, Weirdness & Mutations

You cannot wear most types of armour.
You are very stealthy in the water. (Stealth+)
((You are amphibious.))
You can wear up to eight rings at the same time.
((You can use your tentacles to constrict eight enemies at once.))
((Your skin changes colour to match your surroundings (Stealth+).))
((Your rubbery body absorbs attacks. (AC +1, EV +1)))
((One of your tentacles bears a spike.))
You are agile. (Dex +2)
Your body sometimes deteriorates upon taking damage.
You are resistant to hostile enchantments. (MR+)


Message History

The adder bites you but does no damage. Something hits you.
* * * LOW HITPOINT WARNING * * *
You barely miss something. Something hits you but does no damage.
The adder bites you but does no damage. Something hits you.
* * * LOW HITPOINT WARNING * * *
The adder bites you.
* * * LOW HITPOINT WARNING * * *
Okay, then.
You smack something!
Reactivating autopickup.
You feel your intelligence returning.
Your Unarmed Combat skill increases to level 4!
Your Transmutations skill increases to level 1!
You have reached level 6!
Your experience leads to an increase in your attributes!
Your base attributes are Str 7, Int 17, Dex 14.
Increase (S)trength, (I)ntelligence, or (D)exterity?
You feel agile.
You feel a bit more experienced. The adder bites you.
You die...

,****+*,,,,,,,,,,,,,,,,,,,,*,****
,**,,,,,,....,,,,,......,,,*,*,,,
,**,,,,,,....,,,,,.......,,,,*,*,
,**,,,,,,.....,,,#.......,,,,,,*,
,**,,,,,,.....#+##......#*******,
,,,**,,,*##....[........#,,,,,,,,
,,,**,,,,...............#,,,,,,,,
,,,**,*,*......S).......#,,,,,,,,
..,*#.*,*,#.....♣.......#,,,,,,,,
...##.*,*.#....(........#,,,,,,,,
.......,#.#.............#,,,,<,,,
....#.###.######........#********
........#......##...############
...##......#...##...#####......#
...............##..............#
..#.........#'###..............#
..#.........#'###..............#


You could see an adder.

Vanquished Creatures
  A centaur (D:5)
  A hound (D:4)
  3 worker ants
  The ghost of M4edhros the Sneak, a weakling OpAr (D:3)
  An adder (D:2)
  A leopard gecko (D:4)
  An orc (D:3)
  5 bats
  3 giant cockroaches
  2 goblins
  3 hobgoblins
  4 jackals (D:4)
  A quokka (D:2)
  6 frilled lizards
  2 jackal skeletons (D:5)
  2 kobolds (D:1)
  A leopard gecko skeleton (D:4)
  3 rats (D:2)
41 creatures vanquished.

Notes
Turn   | Place    | Note
-------+----------+-------------------------------------------
     0 | D:1      | M4edhros the Octopode Necromancer began the quest for the Orb.
     0 | D:1      | Reached XP level 1. HP: 11/11 MP: 3/3
   108 | D:1      | Reached skill level 1 in Unarmed Combat
   116 | D:1      | Learned a level 1 spell: Animate Skeleton
   190 | D:2      | Reached XP level 2. HP: 4/17 MP: 1/5
   418 | D:2      | Noticed Ijyb
   421 | D:2      | Gained mutation: You are agile. (Dex +2) [potion of mutation]
   421 | D:2      | Gained mutation: You have a pair of small antennae on your head. [potion of mutation]
   525 | D:2      | Reached XP level 3. HP: 5/21 MP: 3/6
   530 | D:2      | Learned a level 3 spell: Regeneration
   680 | D:3      | Noticed M4edhros's ghost (weakling OpAr)
   722 | D:3      | Killed M4edhros's ghost
   838 | D:4      | Reached XP level 4. HP: 20/27 MP: 7/7
   954 | D:4      | Reached XP level 5. HP: 30/31 MP: 6/8
   960 | D:4      | Learned a level 3 spell: Spider Form
  1127 | D:5      | Entered Level 5 of the Dungeon
  1145 | D:5      | Lost mutation: You have a pair of small antennae on your head. [potion of mutation]
  1145 | D:5      | Gained mutation: Your body sometimes deteriorates upon taking damage. [potion of mutation]
  1145 | D:5      | Gained mutation: You are resistant to hostile enchantments. (MR+) [potion of mutation]
  1145 | D:5      | Gained mutation: One of your tentacles bears a spike. [potion of mutation]
  1215 | D:5      | Noticed a centaur
  1233 | D:5      | HP: 2/46 [something (3)]
  1234 | D:5      | Killed a centaur
  1234 | D:5      | Reached skill level 1 in Transmutations
  1234 | D:5      | Reached XP level 6. HP: 1/36 MP: 5/9
  1234 | D:5      | Slain by an adder

Vault maps used:
D:1:      dpeg_arrival_central
D:2:      nrook_uturn, uniq_iyjb
D:3:      first_bread
D:4:      grunt_ministairs_14
D:5:      uniq_grinder

Skill      XL: |  1  2  3  4  5 |
---------------+----------------+-----
Unarmed Combat | 1 2 3 4 |  4.2
Dodging        | 3 |  3.3
Transmutations | 1 |  1.5
Stealth        | |  2.6
Spellcasting   | |  2.3
Necromancy     | |  4.0

Action                   |  1- 3 |  4- 6 || total
-------------------------+-------+-------++-------
Melee: Unarmed           |    43 |    50 ||    93
       Constrict         |    11 |    13 ||    24
       Tentacles         |     9 |     9 ||    18
       Punch             |     1 |     1 ||     2
       Kick              |       |     3 ||     3
 Cast: Pain              |    19 |     3 ||    22
       Regeneration      |     3 |     2 ||     5
       Animate Skeleton  |     1 |       ||     1
Evoke: Wand              |     3 |     3 ||     6
  Use: Potion            |     1 |     5 ||     6
       Scroll            |       |     2 ||     2
 Stab: Sleeping          |     3 |     3 ||     6
  Eat: Chunk             |       |     2 ||     2
Armor: Skin              |     6 |    15 ||    21
Dodge: Dodged            |    37 |    35 ||    72
